 Dungeon Sprint DCSS version 0.21-a0-51-gea492e9 (webtiles) character file.

1166 Kidiri the Carver (level 8, -9/102 HPs)
             Began as a Demonspawn Chaos Knight on June 12, 2017.
             Mangled by a polar bear (12 damage)
             ... in the Dungeon (Sprint II: "The Violet Keep of Menkaure").
             The game lasted 00:04:46 (332 turns).

Kidiri the Carver (Demonspawn Chaos Knight)          Turns: 332, Time: 00:04:47

Health: -9/102     AC: 15    Str: 18    XL:     8   Next: 17%
Magic:  17/17      EV: 11    Int: 12    God:    Xom [..*...]
Gold:   97         SH:  5    Dex: 21    Spells: 7/7 levels left

rFire    . . .     SeeInvis .   a - +0 falchion (chaos)
rCold    . . .     Gourm    .   k - +0 buckler
rNeg     . . .     Faith    .   l - +0 plate armour of a sewer {MP+9 Int-2 Dex+7} (curse)
rPois    .         Spirit   .   (helmet restricted)
rElec    .         Reflect  .   (no cloak)
rCorr    .         Harm     .   (no gloves)
MR       .....     NoTele   +   (no boots)
Stlth    ..........             (no amulet)
Regen    0.3/turn               (no ring)
MPRegen  0.2/turn               (no ring)

@: berserking, very quick
A: horns 2, icy blue scales 1, powered by death 1, spiny 1
a: Renounce Religion


You were in the Dungeon.
You worshipped Xom.
You were a toy of Xom.
You were not hungry.

You visited 1 branch You collected 980 gold pieces.
You spent 883 gold pieces at shops.

Inventory:

Hand Weapons
 a - a +0 falchion of chaos (weapon)
Armour
 b - a +2 leather armour
 k - a +0 buckler (worn)
 l - the cursed +0 plate armour of a sewer (worn) {MP+9 Int-2 Dex+7}
   (You bought it in a shop in the Dungeon)

   It affects your intelligence (-2).
   It affects your dexterity (+7).
   It affects your magic capacity (+9).
   It has a curse placed upon it.
Scrolls
 i - a scroll of blinking
Potions
 d - a potion of curing
 e - a potion of heal wounds
 f - a potion of haste
 g - 2 potions of magic
Comestibles
 c - a bread ration
 j - 7 chunks of flesh


   Skills:
 + Level 7.9 Fighting
 * Level 10.0 Long Blades
 + Level 6.8 Armour
 * Level 9.6 Dodging
 + Level 1.2 Shields


You had 7 spell levels left.
You didn't know any spells.

Dungeon Overview and Level Annotations

Branches:
Dungeon (1/1)

Altars:
Cheibriados
Dithmenos
Elyvilon
Hepliaklqana
Kikubaaqudgha
Makhleb
Qazlal
Ru
Sif Muna
Trog
Uskayaw
Wu Jian
Xom
Yredelemnul
Zin
The Shining One
Beogh
Jiyva
Lugonu

Shops:
D (}:!!==*!?[:*[:%

Annotations:
D exclusions: 12 doors, ice statue, obsidian statue and oklob plant


Innate Abilities, Weirdness & Mutations

You have a pair of horns on your head.
You are partially covered in icy blue scales. (AC +2)
You regenerate a little health from kills.
You are partially covered in sharp spines.


Message History

The polar bear is heavily wounded.
The polar bear bites you but does no damage.
The polar bear claws you but does no damage. x2
The polar bear bites you!
* * * LOW HITPOINT WARNING * * *
You block the polar bear's attack.
The polar bear claws you but does no damage.
You barely miss the polar bear. You headbutt the polar bear!
The polar bear is severely wounded.
Unknown command.
You barely miss the polar bear.
The polar bear is severely wounded.
The polar bear is struck by your spines.
The polar bear bites you!
* * * LOW HITPOINT WARNING * * *
The polar bear claws you.
* * * LOW HITPOINT WARNING * * *
You block the polar bear's attack. The polar bear bites you!
You die...
Xom giggles madly!

+++## ....# ##..# #.
###.#### +.### ..# ...#
...#### .####..##
#..##$# ###.##..#
+..#cy# ##.###..#
#h.#hh#
.+##.'..####..##@#
##...#....###..†##▓▓▓
###.##..§...≈≈≈≈≈≈≈≈≈≈≈
.####≈≈.....≈#+########
#.#≈≈≈≈≈≈≈..≈#.._._._.#
.##≈≈≈§÷≈≈≈.≈#._._._..#
##≈≈≈§§§≈§≈§≈#_._._._.#
≈≈≈≈≈≈≈§≈§≈§≈#._._._._#
+++#≈≈≈§≈≈≈≈≈#.._._._.#


You could see 2 polar bears, a yaktaur and a hornet.

Vanquished Creatures
  A polar bear (D)
  2 hippogriffs (D)
  A vampire mosquito (D)
  4 necrophages (D)
  A crocodile (D)
  4 worker ants (D)
  3 worms (D)
16 creatures vanquished.

Vanquished Creatures (others)
  Menkaure (D)
  A crocodile (D)
2 creatures vanquished.

Grand Total: 18 creatures vanquished

Notes
Turn   | Place    | Note
-------+----------+-------------------------------------------
     0 | D        | Kidiri the Demonspawn Chaos Knight began the quest for the Orb.
     0 | D        | Reached XP level 1. HP: 18/18 MP: 1/1
     1 | D        | Noticed a worker ant
     1 | D        | Noticed a worker ant
     1 | D        | Noticed a worker ant
     1 | D        | Noticed a worker ant
     8 | D        | Killed a crocodile
     9 | D        | XOM: potion effect (might)
    10 | D        | Killed a worker ant
    10 | D        | Reached skill level 3 in Long Blades
    10 | D        | Gained mutation: You are partially covered in icy blue scales. (AC +2) [demonic ancestry]
    10 | D        | Reached XP level 2. HP: 24/24 MP: 2/2
    12 | D        | Reached skill level 4 in Long Blades
    12 | D        | Reached XP level 3. HP: 30/30 MP: 3/3
    15 | D        | Gained mutation: You have a pair of small horns on your head. [demonic ancestry]
    15 | D        | Reached XP level 4. HP: 37/37 MP: 4/4
    16 | D        | Reached skill level 5 in Long Blades
    35 | D        | Killed Menkaure
    64 | D        | Noticed a necrophage
    64 | D        | Noticed a necrophage
    64 | D        | Noticed a necrophage
    64 | D        | Noticed a necrophage
    66 | D        | Killed a necrophage
    66 | D        | Reached skill level 5 in Fighting
    66 | D        | Reached skill level 6 in Long Blades
    66 | D        | Reached skill level 5 in Dodging
    66 | D        | Gained mutation: You regenerate a little health from kills. [demonic ancestry]
    66 | D        | Reached XP level 5. HP: 34/44 MP: 5/5
    69 | D        | Killed a necrophage
    69 | D        | Reached skill level 7 in Long Blades
    69 | D        | Gained mutation: You are partially covered in sharp spines. [demonic ancestry]
    69 | D        | Reached XP level 6. HP: 41/52 MP: 6/6
    72 | D        | Reached skill level 5 in Armour
    74 | D        | Reached skill level 8 in Long Blades
   106 | D        | Noticed a hippogriff
   106 | D        | Noticed a hippogriff
   106 | D        | XOM: potion effect (might)
   112 | D        | Killed a hippogriff
   112 | D        | Reached XP level 7. HP: 45/59 MP: 7/7
   115 | D        | Killed a hippogriff
   115 | D        | Reached skill level 9 in Long Blades
   141 | D        | Noticed an ice statue
   147 | D        | Found Moelles's Book Boutique.
   147 | D        | Found Hayh's Food Shop.
   166 | D        | Noticed an obsidian statue
   172 | D        | Found Micet's Book Shop.
   172 | D        | Found Zamac's Antique Armour Shop.
   173 | D        | Found Nyang's Magic Scroll Boutique.
   173 | D        | Found Vipeh's Antique Armour Boutique.
   174 | D        | Noticed a vampire mosquito
   174 | D        | XOM: potion effect (curing)
   175 | D        | Found Sokuaz's Distillery.
   175 | D        | Found Arasevepni's General Store.
   178 | D        | Killed a vampire mosquito
   186 | D        | Found Zuco Huic's Jewellery Shop.
   186 | D        | Found Ysmurias's General Store.
   186 | D        | Found Woybe's Jewellery Boutique.
   190 | D        | Noticed a spiny frog
   191 | D        | Found Isonob's Distillery.
   191 | D        | Found Nosoagepp's Distillery.
   191 | D        | Noticed a spiny frog
   191 | D        | Noticed an oklob plant
   192 | D        | Found Ithri's Gadget Shop.
   192 | D        | Found Zouw's Book Shoppe.
   192 | D        | Found Xorov's Antique Weapon Boutique.
   193 | D        | Noticed an ice dragon
   234 | D        | Bought a buckler for 94 gold pieces
   238 | D        | Bought the cursed +0 plate armour of a sewer {MP+9 Int-2 Dex+7} for 789 gold pieces
   304 | D        | Found a roughly hewn altar of Beogh.
   306 | D        | Found a hazy altar of Hepliaklqana.
   306 | D        | Found a snail-covered altar of Cheibriados.
   307 | D        | Found a stormy altar of Qazlal.
   307 | D        | Found a viscous altar of Jiyva.
   307 | D        | Found a shadowy altar of Dithmenos.
   308 | D        | Found a sacrificial altar of Ru.
   308 | D        | Found an ancient bone altar of Kikubaaqudgha.
   308 | D        | Found a white marble altar of Elyvilon.
   309 | D        | Found an ornate altar of the Wu Jian Council.
   309 | D        | Found a deep blue altar of Sif Muna.
   309 | D        | Found a corrupted altar of Lugonu.
   310 | D        | Found a shimmering altar of Xom.
   310 | D        | Found a bloodstained altar of Trog.
   310 | D        | Found a burning altar of Makhleb.
   311 | D        | Found a glowing golden altar of the Shining One.
   311 | D        | Found a basalt altar of Yredelemnul.
   311 | D        | Found a hide-covered altar of Uskayaw.
   312 | D        | Found a glowing silver altar of Zin.
   313 | D        | Noticed a yaktaur
   313 | D        | Noticed a hornet
   313 | D        | Noticed a polar bear
   314 | D        | Noticed a polar bear
   319 | D        | Noticed a polar bear
   328 | D        | Killed a polar bear
   328 | D        | Reached skill level 10 in Long Blades
   328 | D        | Reached skill level 1 in Shields
   328 | D        | Gained mutation: You have a pair of horns on your head. [demonic ancestry]
   328 | D        | Reached XP level 8. HP: 35/68 MP: 8/8
   332 | D        | HP: 4/102 [polar bear (13)]
   332 | D        | Mangled by a polar bear

Vault maps used:
D:        the_violet_keep_of_menkaure

Skill      XL: |  1  2  3  4  5  6  7 |
---------------+----------------------+-----
Long Blades    | 3 4 6 7 8 10 | 10.0
Armour         | 2 3 4 5 6 |  6.8
Dodging        | 3 4 5 6 8 9 |  9.6
Fighting       | 4 5 7 |  7.9
Shields        | 1 |  1.2

Action                   |  1- 3 |  4- 6 |  7- 9 || total
-------------------------+-------+-------+-------++-------
Melee: Falchion          |    12 |    25 |    26 ||    63
       Headbutt          |       |     9 |     9 ||    18
  Use: Potion            |       |       |     1 ||     1
 Stab: Paralysed         |       |     2 |       ||     2
Armor: Leather armour    |     3 |     2 |     3 ||     8
       Plate armour      |       |       |    29 ||    29
Dodge: Dodged            |    12 |    14 |    19 ||    45
Block: Buckler           |       |       |    11 ||    11
       Rpst.: Falchion   |     1 |     2 |     2 ||     5
